 Dungeon Crawl Stone Soup version 0.26.1-11-gd32895ea62 (webtiles) character file.

Game seed: 10197864105598907971

876 karkarkar the Cudgeller (level 8, 0/48 HPs)
             Began as a Gargoyle Fighter on May 14, 2021.
             Slain by an orc warrior
             ... wielding a +0 war axe
              (12 damage)
             ... on level 6 of the Dungeon.
             The game lasted 00:16:17 (4733 turns).

karkarkar the Cudgeller (Gargoyle Fighter)          Turns: 4733, Time: 00:16:18

Health: 0/48       AC: 15    Str: 20    XL:     8   Next: 4%
Magic:  11/11      EV: 10    Int:  9    God:
Gold:   316        SH: 15    Dex: 15    Spells: 12/12 levels left

rFire    . . .     SeeInvis .   E - +3 flail of the Eleven Dreams {flame, rElec rC+ rN+ Str-2}
rCold    + + .     Faith    .   c - +0 kite shield
rNeg     + + .     Spirit   .   D - +2 leather armour {rPois}
rPois    ∞         Reflect  +   (no helmet)
rElec    +         Harm     .   H - +2 cloak
rCorr    .         Rampage  .   l - +0 pair of gloves
Will     .....                  (no boots)
Stlth    +.........             u - amulet of reflection
HPRegen  0.16/turn              s - ring of protection from cold
MPRegen  0.12/turn              J - +6 ring of dexterity (curse)

@: no status effects
A: negative energy resistance 1, electricity resistance, unbreathing,
petrification resistance, miasma immunity, AC +5
a: no special abilities


You were on level 6 of the Dungeon.
You visited 1 branch of the dungeon, and saw 6 of its levels.

You collected 316 gold pieces.

Inventory:

Hand Weapons
 a - a +0 flail
 i - a +1 whip of venom
 E - the +3 flail of the Eleven Dreams (weapon) {flame, rElec rC+ rN+ Str-2}
   (You found it on level 5 of the Dungeon)

   It has been specially enchanted to burn those struck by it, causing extra
   injury to most foes and up to half again as much damage against particularly
   susceptible opponents.
   It affects your strength (-2).
   It protects you from cold.
   It insulates you from electricity.
   It protects you from negative energy.
Missiles
 B - 8 silver boomerangs (quivered)
 C - 8 atropa-tipped darts
Armour
 c - a +0 kite shield (worn)
 l - a +0 pair of gloves (worn)
 t - a +2 robe of fire resistance
 D - a +2 leather armour of poison resistance (worn)
 H - a +2 cloak (worn)
Jewellery
 s - a ring of protection from cold (left hand)
 u - an amulet of reflection (around neck)
 J - a cursed +6 ring of dexterity (right hand)
Wands
 b - a wand of random effects (22)
 m - a wand of acid (6)
 y - a wand of polymorph (1)
 I - a wand of digging (3)
Scrolls
 f - a scroll of magic mapping
 g - a scroll of fog
 k - a scroll of enchant weapon
 o - a scroll of enchant armour
 p - 4 scrolls of remove curse
 q - 2 scrolls of amnesia
 v - 2 scrolls of teleportation
 G - a scroll of immolation {unknown}
 K - a scroll of blinking
Potions
 d - 2 potions of might
 e - 3 potions of curing {unknown}
 h - a potion of magic
 j - 2 potions of brilliance
 n - a potion of attraction {unknown}
 w - a potion of ambrosia {unknown}
 x - a potion of degeneration {unknown}
 z - 3 potions of haste {unknown}
 A - a potion of lignification {unknown}
 F - a potion of heal wounds {unknown}


   Skills:
 + Level 4.6 Fighting
 * Level 5.6 Maces & Flails
 + Level 0.1 Throwing
 + Level 4.5 Armour
 + Level 1.7 Dodging
 + Level 0.4 Stealth
 + Level 5.4 Shields
 * Level 2.5 Spellcasting


You had 12 spell levels left.
You didn't know any spells.
Your spell library was empty.

Dungeon Overview and Level Annotations

Branches:
Dungeon (6/15)
 Temple: D:4-7

Altars:
Nemelex Xobeh
Trog

Shops:
D:6 !


Innate Abilities, Weirdness & Mutations

You are resistant to torment.
Your stone body is resilient. (AC +5)
You are immune to poison.
You resist negative energy. (rN+)
You are resistant to electric shocks. (rElec)
You can survive without breathing.
You are immune to petrification.
You are immune to miasma.


Message History

You block the orc warrior's attack. The orc closely misses you.
The orc hits you. You block the orc warrior's attack.
You see here a glowing trident.
You barely miss the orc warrior.
The orc warrior is lightly wounded.
You block the orc's attack. You block the orc warrior's attack.
You miss the orc warrior.
The orc warrior is lightly wounded.
You block the orc's attack.
The orc warrior hits you with a +0 war axe!!
* * * LOW HITPOINT WARNING * * *
You thump the orc warrior! You burn the orc warrior.
The orc warrior is severely wounded.
The orc closely misses you. The orc warrior closely misses you.
You block the orc warrior's attack.
You hit the orc warrior. You burn the orc warrior.
The orc warrior is severely wounded.
The orc warrior hits you with a +0 war axe!
You die...

###### ####^#
#############
.....#
#<..........#
._...#
#.#########.# ###
....# . #.# #.#
#.##...##.... #.#
#.# #.ooo......o.
#.#
#.####@o#####....
#.# #.##∩.∩.# ..#
#.#
#.##....####..####
#.#
#...∩.∩)..........
#..###..####..###.
#### #..# .# #..#
# #..# #...


You could see an orc warrior and 3 orcs.

Vanquished Creatures
  An ice beast (D:3)
  2 ogres
  A howler monkey (D:5)
  2 orc priests
  Crazy Yiuf (D:5)
  A bullfrog skeleton (D:5)
  6 orc wizards
  Terence (D:2)
  Ijyb (D:5)
  Natasha (thrice) (D:2)
  A worker ant (D:4)
  A hound skeleton (D:4)
  An adder (D:2)
  A shadow imp (D:5)
  An ooze (D:5)
  An adder skeleton (D:6)
  A worm (D:4)
  4 dart slugs
  5 leopard geckos
  16 orcs
  7 bats
  3 giant cockroaches
  10 goblins
  5 hobgoblins
  5 jackals
  4 kobolds
  3 quokkas
  4 frilled lizards
  A giant cockroach zombie (D:6)
  5 rats (D:3)
98 creatures vanquished.

Notes
Turn   | Place    | Note
-------+----------+-------------------------------------------
     0 | D:1      | karkarkar the Gargoyle Fighter began the quest for the Orb.
     0 | D:1      | Reached XP level 1. HP: 14/14 MP: 1/1
   168 | D:1      | Reached XP level 2. HP: 18/19 MP: 2/2
   344 | D:1      | Reached XP level 3. HP: 22/24 MP: 3/3
   847 | D:2      | Noticed Natasha
   857 | D:2      | Killed Natasha
   927 | D:2      | Found a faded altar of an unknown god.
  1024 | D:2      | Reached XP level 4. HP: 29/29 MP: 4/4
  1172 | D:2      | Noticed Natasha
  1181 | D:2      | Killed Natasha
  1465 | D:2      | Noticed Natasha
  1472 | D:2      | Killed Natasha
  1473 | D:2      | Reached XP level 5. HP: 33/33 MP: 5/5
  1484 | D:2      | Noticed Terence
  1495 | D:2      | Killed Terence
  1602 | D:2      | Found a sparkling altar of Nemelex Xobeh.
  1799 | D:3      | Noticed an ice beast
  1815 | D:3      | Killed an ice beast
  1816 | D:3      | Reached XP level 6. HP: 38/38 MP: 6/6
  2086 | D:3      | Reached skill level 1 in Dodging
  2366 | D:3      | Found a sparkling altar of Nemelex Xobeh.
  2866 | D:4      | Reached skill level 1 in Spellcasting
  3197 | D:4      | Reached XP level 7. HP: 44/44 MP: 9/9
  3497 | D:5      | Entered Level 5 of the Dungeon
  3640 | D:5      | Got a steaming flail
  3641 | D:5      | Identified the cursed +3 flail of the Eleven Dreams {flame,
                  | rElec rC+ rN+ Str-2} (You found it on level 5 of the
                  | Dungeon)
  3717 | D:5      | Noticed Ijyb
  3730 | D:5      | Killed Ijyb
  3731 | D:5      | Reached skill level 5 in Shields
  4122 | D:5      | Reached skill level 5 in Maces & Flails
  4271 | D:5      | Found a runed translucent door.
  4272 | D:5      | Noticed Crazy Yiuf
  4428 | D:5      | Reached XP level 8. HP: 36/48 MP: 11/11
  4619 | D:5      | Killed Crazy Yiuf
  4693 | D:6      | Found Zerphies's Distillery.
  4697 | D:6      | Found a bloodstained altar of Trog.
  4733 | D:6      | Slain by an orc warrior

Illustrated notes

Levels and vault maps discovered:
D:1:      dpeg_arrival_rooms_a, layout_basic
D:2:      layout_loops_ring, chequers_ecumenical_altar_twisty,
          nemelex_xobeh_ov_fountains_minmay, uniq_natasha, uniq_terence
D:3:      layout_rooms, columned_hall_lemuel, nemelex_diamond_rough_becter
D:4:      layout_rooms
D:5:      layout_basic, uniq_ijyb, uniq_crazy_yiuf_cottage
D:6:      layout_loops_ring, serial_shops,
          nicolae_shop_competitors_out_of_business, trog_butcher_becter

Skill      XL: |  1  2  3  4  5  6  7 |
---------------+----------------------+-----
Fighting       | 4 |  4.6
Maces & Flails | 3 4 5 |  5.6
Armour         | 4 |  4.5
Shields        | 4 5 |  5.4
Dodging        | 1 |  1.7
Spellcasting   | 1 2 |  2.5
Throwing       | |  0.1
Stealth        | |  0.4

Action                   |  1- 3 |  4- 6 |  7- 9 || total
-------------------------+-------+-------+-------++-------
Melee: Flail             |    52 |       |    81 ||   133
       Whip              |    15 |   176 |    38 ||   229
Throw: Boomerang         |       |     1 |     3 ||     4
  Use: Scroll            |       |     3 |     6 ||     9
       Potion            |       |     2 |       ||     2
Armor: Scale mail        |    34 |    48 |       ||    82
       Leather armour    |       |    11 |    34 ||    45
       Skin              |       |       |     2 ||     2
Dodge: Dodged            |    21 |    56 |    22 ||    99
Block: Kite shield       |    44 |    89 |    81 ||   214
       Reflection        |       |     3 |     3 ||     6
